 Dungeon Crawl Stone Soup version 0.30-b1-2-g02819fbbbe (webtiles) character file.

Game seed: 2066504678297676448

5544 Alarkh the Skirmisher (level 10, -4/82 HPs)
             Began as a Demonspawn Hexslinger on July 9, 2023.
             Was a Priest of Uskayaw.
             Slain by a yak (9 damage)
             ... on level 8 of the Dungeon.
             The game lasted 00:19:35 (8269 turns).

Alarkh the Skirmisher (Demonspawn Hexslinger)       Turns: 8269, Time: 00:19:36

Health: -4/82      AC: 14    Str: 11    XL:     10   Next: 43%
Magic:  11/13      EV:  9    Int: 19    God:    Uskayaw [***...]
Gold:   344        SH:  0    Dex: 19    Spells: 10/11 levels left

rFire   . . .        a - +2 sling (freeze)
rCold   . . .        (no shield)
rNeg    . . .        h - +3 scale mail of Bright Intercession {rElec}
rPois   .            f - +0 helmet
rElec   +            (no cloak)
rCorr   +            n - +0 pair of gloves {infuse}
SInv    .            s - +0 pair of boots
Will    .....        g - amulet of reflection Stlth
                     o - +6 ring of dexterity
HPRegen 0.33/turn    D - ring of resist corrosion
MPRegen 0.13/turn

%: reflection, infuse magic (1 MP)
@: confused, very slow
A: claws 1, sharp scales 2, condensation shield, large bone plates 1, mutation
resistance 1
a: Renounce Religion, Stomp, Line Pass


You were on level 8 of the Dungeon.
You worshipped Uskayaw.
Uskayaw was noncommittal.
You visited 2 branches of the dungeon, and saw 9 of its levels.
You also visited: Sewer and Bailey.

You collected 623 gold pieces.
You spent 279 gold pieces at shops.

Inventory:

Hand Weapons
 a - a +2 sling of freezing (weapon)
 b - a +4 whip of venom
 e - the +9 halberd "Bamac" {pain, *Corrode rElec Dex+3}
   (You found it in a bailey)

   Dex:       It affects your dexterity (+3).
   rElec:     It insulates you from electricity.
   *Corrode:  It may corrode you when you take damage.
 t - a +0 dagger of venom
 w - a +4 heavy flail
Missiles
 C - a throwing net
Armour
 f - a +0 helmet (worn)
 h - the +3 scale mail of Bright Intercession (worn) {rElec}
   (You bought it in a shop on level 6 of the Dungeon)

   rElec:     It insulates you from electricity.
 n - a +0 pair of gloves of infusion (worn)
 s - a +0 pair of boots (worn)
 x - a +2 robe of willpower
 y - a +3 scale mail
Jewellery
 g - an amulet of reflection (around neck)
 l - a ring of flight
 o - a +6 ring of dexterity (left hand)
 B - an amulet of faith
 D - a ring of resist corrosion (right hand)
Wands
 c - a wand of digging (9)
Scrolls
 d - a scroll of enchant armour
 i - a scroll of teleportation
 j - a scroll of fog
 q - a scroll of silence
 v - a scroll of brand weapon
 E - a scroll of blinking
Potions
 k - a potion of cancellation
 p - 2 potions of attraction
 r - 4 potions of flight
 z - 2 potions of lignification
 A - a potion of degeneration


   Skills:
 + Level 8.8 Fighting
 * Level 11.5 Ranged Weapons
 - Level 1.7 Dodging
 - Level 1.0 Spellcasting
 - Level 3.0 Hexes
 + Level 4.9 Invocations


You had 10 spell levels left.
You knew the following spells:

 Your Spells              Type           Power      Damage    Failure   Level
a - Slow                  Hex            48%        N/A       34%         1

Your spell library contained the following spells:

 Spells                   Type           Power      Damage    Failure   Level
 Confusing Touch          Hex            12%        N/A       71%         3
 Apportation              Tloc           0%         N/A       75%         1
 Magic Dart               Conj           0%         1d3       75%         1
 Necrotise                Necr           0%         1d4       75%         1
 Summon Small Mammal      Summ           0%         N/A       75%         1
 Call Imp                 Summ           0%         N/A       87%         2
 Inner Flame              Hex/Fire       6%         N/A       88%         3
 Portal Projectile        Hex/Tloc       12%        N/A       88%         3
 Mephitic Cloud           Conj/Pois/Air  0%         N/A       98%         3
 Vampiric Draining        Necr           0%         2d6       98%         3
 Cause Fear               Hex            6%         N/A       98%         4
 Agony                    Necr           0%         N/A       100%        5


Dungeon Overview and Level Annotations

Branches:
Dungeon (8/15)             Temple (1/1) D:5            Lair (0/5) D:8
  Sewer (visited)          Bailey (visited)

Altars:
Ashenzari
Dithmenos
Fedhas
Gozag
Hepliaklqana
Kikubaaqudgha
Makhleb
Nemelex Xobeh
Ru
Sif Muna
Trog
Uskayaw
Vehumet
Wu Jian
Xom
Yredelemnul

Shops:
D:6 =[*


Innate Abilities, Weirdness & Mutations

You have sharp fingernails.
You are mostly covered in razor-sharp scales. (AC +2, Slay +2)
A meltable shield of frost defends you. (SH +0)
You are partially covered in large bone plates. (SH +4)
You are somewhat resistant to further mutation.


Message History

You shoot a sling bullet. The sling bullet hits the yak.
The sling bullet freezes the yak.
The yak is almost dead.
You are confused.
The yak gores you. The yak gores you!
Unknown command.
You are too confused!
You feel much better. The yak gores you but does no damage.
You nearly stumble into some deep water!
You hear some strange, mumbled words.
You are more confused.
The yak closely misses you. The yak gores you! The yak barely misses you.
The yak attacks as you move away! The yak gores you but does no damage.
The yak barely misses you.
You nearly stumble into some deep water!
The yak gores you but does no damage. x2
You closely miss the yak. The yak gores you.
The yak gores you but does no damage. x2; The yak gores you!
* * * LOW HITPOINT WARNING * * *
You clumsily bash the yak but do no damage.
The yak is almost dead.
The yak barely misses you. The yak gores you!
* * * LOW HITPOINT WARNING * * *
The yak barely misses you.
The yak gores you but does no damage. x3
The yak completely misses you. The yak gores you.
* * * LOW HITPOINT WARNING * * *
The yak attacks as you move away! The yak barely misses you. The yak gores you.
* * * LOW HITPOINT WARNING * * *
You hear some strange, mumbled words.
Something tries to affect you, but you resist.
You clumsily bash the yak.
The yak is severely wounded.
The yak barely misses you. The yak gores you but does no damage.
Something hits you.
* * * LOW HITPOINT WARNING * * *
The yak attacks as you move away! The yak gores you but does no damage.
You enter the shallow water.
Moving in this stuff is going to be slow.
The yak gores you but does no damage. The yak gores you!
You die...

##..## . .. #
#....##.# ##.#
####.......# #..
..##.......# ##.#
...#......#####..#####
..o...............#..#
##...###....≈≈~≈≈..#
#..(..##....≈..Y≈.##
.......#....~YYY@..#
.......#....≈.)Y≈..##
.....P......≈≈~≈≈...#
...................##
...>................#
o..................#.#
..............##...###
.Y.....#......##...#
.5.....#...........#


You could see 5 yaks.

Vanquished Creatures
  A two-headed ogre (D:6)
  An orc knight (Bailey)
  A hornet (D:8)
  Sigmund (D:2)
  A yak (D:8)
  A steam dragon (D:7)
  A warg (D:8)
  A water moccasin (D:6)
  Duvessa (D:6)
  3 ice beasts
  2 sky beasts
  7 orc warriors (Bailey)
  2 black bears
  6 kobold brigands
  3 bullfrogs
  3 scorpions
  4 wights (D:7)
  Dowan (D:6)
  3 howler monkeys
  5 orc priests
  4 hounds
  A gnoll bouda (D:7)
  4 iguanas
  2 sleepcaps
  9 orc wizards
  10 gnolls
  5 adders
  5 river rats (Sewer)
  A shadow imp (D:8)
  2 white imps
  An ufetubus (D:6)
  3 worms
  2 dart slugs
  27 orcs
  13 ball pythons
  3 bats
  5 endoplasms
  5 giant cockroaches
  17 goblins
  9 hobgoblins
  6 jackals
  6 quokkas
  5 frilled lizards
  39 kobolds
  30 rats
262 creatures vanquished.

Vanquished Creatures (others)
  A plant (D:7)
1 creature vanquished.

Grand Total: 263 creatures vanquished

Notes
Turn   | Place    | Note
-------+----------+-------------------------------------------
     0 | D:1      | Alarkh the Demonspawn Hexslinger began the quest for the
                  | Orb.
     0 | D:1      | Reached XP level 1. HP: 15/15 MP: 2/2
    46 | D:1      | Reached skill level 2 in Ranged Weapons
    74 | D:1      | Gained mutation: You are partially covered in razor-sharp
                  | scales. (AC +1, Slay +1) [demonic ancestry]
    74 | D:1      | Reached XP level 2. HP: 17/21 MP: 3/3
   512 | D:1      | You fall into a shaft and drop 1 floor!
   551 | D:2      | Noticed Sigmund
   611 | D:2      | Reached XP level 3. HP: 27/27 MP: 4/4
   746 | D:3      | Reached skill level 3 in Ranged Weapons
   802 | D:3      | Found a glowing drain.
   830 | Sewer    | Entered a sewer
   859 | Sewer    | Gained mutation: You are mostly covered in razor-sharp
                  | scales. (AC +2, Slay +2) [demonic ancestry]
   859 | Sewer    | Reached XP level 4. HP: 23/33 MP: 5/5
  1001 | Sewer    | Noticed a kobold brigand
  1015 | Sewer    | Gained mutation: You are partially covered in large bone
                  | plates. (SH +4) [potion of mutation]
  1015 | Sewer    | Gained mutation: Potions are less effective at restoring
                  | your health. [potion of mutation]
  1015 | Sewer    | Gained mutation: You are mostly covered in large bone
                  | plates. (SH +6) [potion of mutation]
  1015 | Sewer    | Gained mutation: You are somewhat resistant to further
                  | mutation. [potion of mutation]
  1019 | Sewer    | Killed a kobold brigand
  1020 | Sewer    | Reached skill level 4 in Ranged Weapons
  1020 | Sewer    | Reached XP level 5. HP: 16/40 MP: 6/6
  1242 | Sewer    | Reached XP level 6. HP: 21/47 MP: 7/7
  1429 | Sewer    | Reached skill level 5 in Ranged Weapons
  1800 | Sewer    | Lost mutation: You are mostly covered in large bone plates.
                  | (SH +6) [potion of mutation]
  1800 | Sewer    | Lost mutation: Potions are less effective at restoring your
                  | health. [potion of mutation]
  2788 | D:2      | Killed Sigmund
  2789 | D:2      | Reached XP level 7. HP: 47/54 MP: 8/8
  3020 | D:4      | Reached skill level 6 in Ranged Weapons
  3380 | D:4      | Found a broken altar of Ashenzari.
  3380 | D:4      | Found a bloodstained altar of Trog.
  3467 | D:4      | Found a hazy altar of Hepliaklqana.
  4121 | D:4      | Found a blossoming altar of Fedhas.
  4149 | D:5      | Entered Level 5 of the Dungeon
  4164 | D:5      | Reached skill level 5 in Fighting
  4331 | D:4      | Reached skill level 7 in Ranged Weapons
  4432 | D:5      | Found a burning altar of Makhleb.
  4432 | D:5      | Found a sparkling altar of Nemelex Xobeh.
  4489 | D:5      | Reached XP level 8. HP: 55/62 MP: 9/9
  4614 | D:5      | Found a radiant altar of Vehumet.
  4878 | D:5      | Found a staircase to the Ecumenical Temple.
  4927 | Temple   | Entered the Ecumenical Temple
  5100 | Temple   | Became a worshipper of Uskayaw the Reveller
  5157 | D:5      | Reached * piety under Uskayaw
  5164 | D:5      | Reached ** piety under Uskayaw
  5318 | D:6      | Reached *** piety under Uskayaw
  5319 | D:6      | Reached skill level 8 in Ranged Weapons
  5363 | D:6      | Found Wurgh's Overcharged Wands.
  5410 | D:6      | Noticed a two-headed ogre
  5474 | D:6      | Noticed Dowan
  5478 | D:6      | Noticed Duvessa
  5480 | D:6      | Killed Dowan
  5542 | D:6      | Killed a two-headed ogre
  5543 | D:6      | Reached skill level 9 in Ranged Weapons
  5543 | D:6      | Gained mutation: You have sharp fingernails. [demonic
                  | ancestry]
  5543 | D:6      | Reached XP level 9. HP: 71/71 MP: 8/10
  5705 | D:6      | Found a sacrificial altar of Ru.
  5792 | D:6      | Killed Duvessa
  5845 | D:6      | Found Gato's Jewellery Boutique.
  5979 | D:6      | Found Jicor's Antique Armour Shop.
  5987 | D:6      | Bought a bloodstained scale mail for 279 gold pieces
  5987 | D:6      | Identified the +3 scale mail of Bright Intercession {rElec}
                  | (You bought it in a shop on level 6 of the Dungeon)
  6148 | D:7      | Reached **** piety under Uskayaw
  6255 | D:7      | Reached skill level 10 in Ranged Weapons
  6261 | D:7      | Reached ***** piety under Uskayaw
  6664 | D:7      | Reached skill level 1 in Invocations
  7305 | D:8      | Found a staircase to the Lair.
  7315 | D:8      | Gained mutation: A meltable shield of frost defends you.
                  | (SH +0) [demonic ancestry]
  7315 | D:8      | Reached XP level 10. HP: 27/80 MP: 10/12
  7462 | D:8      | Found an opulent altar of Gozag.
  7497 | D:8      | Found a flagged portal.
  7506 | Bailey   | Entered a bailey
  7691 | Bailey   | Noticed an orc knight
  7720 | Bailey   | Reached skill level 11 in Ranged Weapons
  7775 | Bailey   | Identified the +9 halberd "Bamac" {pain, *Corrode rElec
                  | Dex+3}
  7976 | Bailey   | Killed an orc knight
  8268 | D:8      | HP: 4/82 [something (1)]
  8269 | D:8      | Slain by a yak

Illustrated notes

Levels and vault maps discovered:
D:1:      minmay_arrival_diagonal_passages, layout_loops_ring
D:2:      layout_loops_ring, serial_glass, glass_columns_a, glass_columns_b,
          uniq_sigmund
D:3:      layout_basic, gup_sewer_entry_glass
D:4:      layout_gridville, amethyst_overflow_temple_binary,
          mainiacjoe_overflow_swirl, kennysheep_generic_room_16
D:5:      layout_rooms, gammafunk_temple_overflow_statue,
          mainiacjoe_overflow_small_starburst, minmay_temple_entry_glassed_door
D:6:      layout_rooms, nicolae_ru_awakened_eye, serial_shops,
          nicolae_shop_gaudy_bauble, shop_statue,
          nicolae_shop_overcharged_wands, uniq_duvessa
D:7:      layout_basic, elyvilon_altar_1, serial_bayou_pond_a,
          minmay_door_square, amcnicky_mini_pool_small
D:8:      layout_layer_cave, nicolae_gozag_zags_fifth_avenue,
          erik_lair_orcish_takeover, enter_bailey_5
Temple:   chequers_temple_sunken

Skill      XL: |  1  2  3  4  5  6  7  8  9 10 |
---------------+-------------------------------+-----
Ranged Weapons | 2 3 4 5 7 9 10 11 | 11.5
Fighting       | 2 3 4 5 6 8 |  8.8
Invocations    | 3 4 |  4.9
Dodging        | |  1.7
Spellcasting   | |  1.0
Hexes          | |  3.0

Action                     |  1- 3 |  4- 6 |  7- 9 | 10-12 || total
---------------------------+-------+-------+-------+-------++-------
  Melee: Flail             |    18 |     8 |       |       ||    26
         Dagger            |       |       |     7 |     3 ||    10
         Punch             |       |       |     1 |       ||     1
         Whip              |       |       |       |    22 ||    22
         Sling             |       |       |       |     5 ||     5
   Fire: Sling             |    98 |   174 |   538 |   103 ||   913
   Cast: Slow              |       |       |     1 |       ||     1
 Invoke: Line Pass         |       |       |     2 |     1 ||     3
    Use: Potion            |     1 |     5 |     7 |     2 ||    15
         Scroll            |       |     2 |    20 |     1 ||    23
 Armour: Robe              |    15 |    41 |    48 |       ||   104
         Scale mail        |       |       |    73 |    41 ||   114
  Dodge: Dodged            |    47 |    75 |   135 |    33 ||   290
  Block: Other             |    11 |    62 |   143 |    69 ||   285
         Reflection        |       |     2 |     7 |     5 ||    14
